Colorado Rockies vs Vegas Golden Knights
Created - Friday, February 16, 2024 at 06:38
Goals
|
| Colorado Rockies |
1 |
0 |
1 |
2 |
| Vegas Golden Knights |
1 |
3 |
0 |
4 |
|
Shots
|
| Colorado Rockies |
8 |
14 |
15 |
37 |
| Vegas Golden Knights |
11 |
18 |
11 |
40 |
|
1st period
1. Vegas Golden Knights , Nikolaj Ehlers 1 (Roman Josi 7, Alexandar Georgiev) at 7:12 (PP)
2. Colorado Rockies , Evgeny Kuznetsov 1 (Kevin Hayes 2, Nick Schmaltz 4) at 9:23
Penalties :
Tim Stutzle (COL) for Hooking (Minor) at 6:35, Travis Hamonic (VGK) for High sticking (Minor) at 17:58
2nd period
3. Vegas Golden Knights , Joe Pavelski 1 (Sean Monahan 5, Marc Staal 3) at 8:32
4. Vegas Golden Knights , Reilly Smith 2 (Eric Staal 3) at 12:53
5. Vegas Golden Knights , Rickard Rakell 7 (Nikolaj Ehlers 6, Jordan Staal 2) at 14:35
Penalties :
Victor Hedman (COL) for Hooking (Minor) at 8:49, Maxime Comtois (VGK) for Slashing (Minor) at 16:50
3rd period
6. Colorado Rockies , David Pastrnak 5 (Victor Hedman 3) at 3:08
Penalties :
Nikita Kucherov (COL) for High sticking (Minor) at 1:37, Roman Josi (VGK) for Slashing (Minor) at 2:31, Travis Hamonic (VGK) for Roughing (Minor) at 6:55
Goalie Stats
Joey Daccord (COL), 36 saves from 40 shots - (0.900), L, 3-5-1, 60:00 minutes
Alexandar Georgiev (VGK), 35 saves from 37 shots - (0.946), W, 3-4-1, 60:00 minutes
Players Stats for Colorado Rockies
Player Name G A P +/- PIM S H SB GA TA FO MP PP MP PK MP
------------------------------------------------------------------------------------
Andrew Peeke 0 0 0 0 0 2 3 0 0 0 0/0 21:46 3:01 1:54
David Pastrnak 1 0 1 0 0 6 2 1 0 1 1/1 17:48 3:02 0:00
Evgeny Kuznetsov 1 0 1 0 0 4 2 1 0 0 6/13 13:16 0:00 0:19
Jesper Bratt 0 0 0 -1 0 1 1 0 0 1 0/1 17:07 3:00 0:00
Kevin Hayes 0 1 1 0 0 1 0 1 1 0 0/0 12:57 0:00 0:00
Kyle Connor 0 0 0 -1 0 0 0 0 1 0 0/1 17:02 3:34 0:00
Kyle Palmieri 0 0 0 0 0 1 1 0 0 1 0/2 7:46 0:03 0:00
Martin Fehervary 0 0 0 -1 0 2 2 3 0 0 0/0 13:23 0:00 1:54
Michael Bunting 0 0 0 0 0 2 1 0 0 0 0/0 8:39 0:29 0:00
Nick Bonino 0 0 0 0 0 0 0 0 0 0 2/6 9:42 0:00 1:41
Nick Schmaltz 0 1 1 0 0 2 1 2 1 0 0/1 15:01 0:14 1:49
Nikita Kucherov 0 0 0 -1 2 2 1 0 0 0 1/3 17:04 3:37 0:00
Nikita Zadorov 0 0 0 -1 0 0 0 2 0 0 0/0 13:24 0:00 1:36
Quinn Hughes 0 0 0 0 0 3 5 1 1 0 0/0 24:50 3:50 0:00
Ryan O'Reilly 0 0 0 0 0 1 1 0 0 2 18/24 18:57 3:14 1:49
Tim Stutzle 0 0 0 -1 2 7 3 1 1 0 10/22 19:46 3:20 1:22
Victor Hedman 0 1 1 0 2 1 2 0 0 2 0/0 25:24 3:50 0:17
Vince Dunn 0 0 0 0 0 2 2 1 0 1 0/0 21:30 3:01 1:19
Players Stats for Vegas Golden Knights
Player Name G A P +/- PIM S H SB GA TA FO MP PP MP PK MP
------------------------------------------------------------------------------------
Alex Chiasson 0 0 0 -1 0 2 0 1 1 0 0/0 10:56 1:51 0:00
Danton Heinen 0 0 0 0 0 1 1 1 0 0 0/1 20:14 1:37 3:13
Eric Staal 0 1 1 1 0 0 1 1 0 0 7/13 14:40 0:00 3:20
Joe Pavelski 1 0 1 0 0 5 1 0 1 0 1/4 16:55 1:37 0:03
John Marino 0 0 0 1 0 0 0 1 0 0 0/0 19:11 0:00 3:15
Jonathan Drouin 0 0 0 -1 0 1 1 0 0 0 5/9 10:58 1:53 0:00
Jordan Staal 0 1 1 1 0 4 1 0 2 2 14/28 16:57 0:00 3:26
Marc Staal 0 1 1 1 0 0 0 2 0 0 0/0 17:47 0:00 3:21
Marc-Edouard Vlasic 0 0 0 1 0 1 1 0 0 0 0/0 17:50 0:00 3:36
Maxime Comtois 0 0 0 0 2 1 0 0 0 0 0/0 8:50 0:00 0:00
Nikolaj Ehlers 1 1 2 1 0 6 1 0 2 0 0/0 15:18 1:53 0:00
Reilly Smith 1 0 1 1 0 3 1 2 0 1 1/4 13:58 1:37 0:18
Rickard Rakell 1 0 1 1 0 4 0 1 0 0 0/0 15:18 1:53 0:00
Roman Josi 0 1 1 -1 2 3 0 2 0 0 0/0 21:57 1:38 0:15
Sean Monahan 0 1 1 0 0 2 4 0 2 1 8/14 18:20 0:00 3:22
Shea Theodore 0 0 0 -2 0 4 0 1 0 1 0/0 24:39 1:51 2:14
Travis Hamonic 0 0 0 2 4 2 1 0 0 0 0/0 15:15 0:00 1:01
Tyler Bertuzzi 0 0 0 1 0 1 0 0 0 0 0/1 12:57 1:39 0:00
3 Stars
1 - Nikolaj Ehlers (VGK)
2 - Alexandar Georgiev (VGK)
3 - Reilly Smith (VGK)
Power Play
Colorado Rockies - 0 on 4 Attempt(s) - 0.00%
Vegas Golden Knights - 1 on 3 Attempt(s) - 33.33%
Penalty Kill
Colorado Rockies - 2 on 3 Attempt(s) - 66.67%
- Score 0 goal in Penalty Kill
Vegas Golden Knights - 4 on 4 Attempt(s) - 100.00%
- Score 0 goal in Penalty Kill
Team Stat
Colorado Rockies - Hits : 27 - Faceoff Wins : 38 - Blocked Shots : 13 - Penalty Minutes : 6
Vegas Golden Knights - Hits : 13 - Faceoff Wins : 36 - Blocked Shots : 12 - Penalty Minutes : 8
Official
Referees : Francis Charron and Chris Lee
Linesman : Greg Devorski and Shane Heyer
Game Notes
No Game Note
Finance
Level 1 -- Attendance: 5401 (90.02%) -- Ticket Income $513,095
Level 2 -- Attendance: 4897 (97.94%) -- Ticket Income $269,335
Level 3 -- Attendance: 2896 (96.53%) -- Ticket Income $86,880
Level 4 -- Attendance: 4947 (98.94%) -- Ticket Income $98,940
Luxury Box -- Attendance: 959 (95.90%) -- Ticket Income $182,210
Game was played at the T-Mobile Arena.
Total Attendance: 19100 (95.50%)
Total Ticket Income: $1,150,460
Other Income: $402,661
Total Income: $1,553,121
Colorado Rockies
5 vs 5 Forward
Center Left Wing Right Wing Time % Phy DF OF
1 Ryan O'Reilly Kyle Connor Nikita Kucherov 30 1 2 2
2 Tim Stutzle Jesper Bratt David Pastrnak 30 1 2 2
3 Evgeny Kuznetsov Nick Schmaltz Kevin Hayes 25 1 2 2
4 Nick Bonino Michael Bunting Kyle Palmieri 15 1 2 2
5 vs 5 Defense
Defense Defense Time % Phy DF OF
1 Victor Hedman Quinn Hughes 42 1 2 2
2 Vince Dunn Andrew Peeke 36 1 2 2
3 Martin Fehervary Nikita Zadorov 22 1 2 2
4 Victor Hedman Quinn Hughes 0 1 2 2
PowerPlay Forward
Center Left Wing Right Wing Time % Phy DF OF
1 Tim Stutzle Kyle Connor Nikita Kucherov 50 1 2 2
2 Ryan O'Reilly Jesper Bratt David Pastrnak 50 1 2 2
PowerPlay Defense
Defense Defense Time % Phy DF OF
1 Victor Hedman Quinn Hughes 50 1 2 2
2 Vince Dunn Andrew Peeke 50 1 2 2
Penalty Kill 4 Players Forward
Center Wing Time % Phy DF OF
1 Ryan O'Reilly Nick Schmaltz 50 1 2 2
2 Nick Bonino Tim Stutzle 50 1 2 2
Penalty Kill 4 Players Defense
Defense Defense Time % Phy DF OF
1 Martin Fehervary Andrew Peeke 50 1 2 2
2 Victor Hedman Nikita Zadorov 50 1 2 2
Penalty Kill - 3 Players Forward
Forward Time % Phy DF OF
1 Ryan O'Reilly 50 1 2 2
2 Nick Bonino 50 1 2 2
Penalty Kill - 3 Players Defense
Defense Defense Time % Phy DF OF
1 Andrew Peeke Victor Hedman 50 1 2 2
2 Martin Fehervary Nikita Zadorov 50 1 2 2
4 vs 4 Forward
Center Wing Time % Phy DF OF
1 Tim Stutzle Nikita Kucherov 50 1 2 2
2 Ryan O'Reilly David Pastrnak 50 1 2 2
4 vs 4 Defense
Defense Defense Time % Phy DF OF
1 Victor Hedman Quinn Hughes 50 1 2 2
2 Vince Dunn Andrew Peeke 50 1 2 2
Last Minutes Offensive
Center Left Wing Right Wing Defense Defense
Ryan O'Reilly Kyle Connor Nikita Kucherov Victor Hedman Quinn Hughes
Last Minutes Defensive
Center Left Wing Right Wing Defense Defense
Ryan O'Reilly Kyle Connor Nikita Kucherov Victor Hedman Quinn Hughes
Goaltenders
Starting : Joey Daccord
Backup : Andrei Vasilevskiy
Extra Forwards
Normal : Michael Bunting, Nick Schmaltz, Evgeny Kuznetsov - PP : Michael Bunting, Nick Schmaltz - PK : Evgeny Kuznetsov
Extra Defensemen
Normal : Martin Fehervary, Nikita Zadorov, Vince Dunn - PP : Martin Fehervary - PK : Nikita Zadorov, Vince Dunn
Penalty Shots
Evgeny Kuznetsov, Michael Bunting, Nikita Kucherov, Tim Stutzle, Nick Bonino
Vegas Golden Knights
5 vs 5 Forward
Center Left Wing Right Wing Time % Phy DF OF
1 Sean Monahan Danton Heinen Joe Pavelski 30 1 2 2
2 Jordan Staal Nikolaj Ehlers Rickard Rakell 30 1 2 2
3 Eric Staal Tyler Bertuzzi Reilly Smith 25 1 2 2
4 Jonathan Drouin Maxime Comtois Alex Chiasson 15 1 2 2
5 vs 5 Defense
Defense Defense Time % Phy DF OF
1 Roman Josi Shea Theodore 35 1 2 2
2 Marc Staal John Marino 30 1 2 2
3 Marc-Edouard Vlasic Travis Hamonic 25 1 2 2
4 Roman Josi Shea Theodore 10 1 2 2
PowerPlay Forward
Center Left Wing Right Wing Time % Phy DF OF
1 Joe Pavelski Danton Heinen Reilly Smith 50 1 2 2
2 Jonathan Drouin Nikolaj Ehlers Rickard Rakell 50 1 2 2
PowerPlay Defense
Defense Defense Time % Phy DF OF
1 Tyler Bertuzzi Roman Josi 50 1 2 2
2 Alex Chiasson Shea Theodore 50 1 2 2
Penalty Kill 4 Players Forward
Center Wing Time % Phy DF OF
1 Sean Monahan Danton Heinen 50 1 2 2
2 Eric Staal Jordan Staal 50 1 2 2
Penalty Kill 4 Players Defense
Defense Defense Time % Phy DF OF
1 John Marino Travis Hamonic 50 1 2 2
2 Marc-Edouard Vlasic Marc Staal 50 1 2 2
Penalty Kill - 3 Players Forward
Forward Time % Phy DF OF
1 Sean Monahan 50 1 2 2
2 Jordan Staal 50 1 2 2
Penalty Kill - 3 Players Defense
Defense Defense Time % Phy DF OF
1 John Marino Travis Hamonic 50 1 2 2
2 Eric Staal Marc Staal 50 1 2 2
4 vs 4 Forward
Center Wing Time % Phy DF OF
1 Joe Pavelski Danton Heinen 50 1 2 2
2 Jonathan Drouin Alex Chiasson 50 1 2 2
4 vs 4 Defense
Defense Defense Time % Phy DF OF
1 Roman Josi Shea Theodore 50 1 2 2
2 Marc-Edouard Vlasic John Marino 50 1 2 2
Last Minutes Offensive
Center Left Wing Right Wing Defense Defense
Joe Pavelski Maxime Comtois Nikolaj Ehlers Roman Josi Shea Theodore
Last Minutes Defensive
Center Left Wing Right Wing Defense Defense
Eric Staal Jordan Staal Sean Monahan Marc Staal Travis Hamonic
Goaltenders
Starting : Alexandar Georgiev
Backup : Casey DeSmith
Extra Forwards
Normal : Reilly Smith, Joe Pavelski, Danton Heinen - PP : Sean Monahan, Maxime Comtois - PK : Reilly Smith
Extra Defensemen
Normal : John Marino, Roman Josi, Shea Theodore - PP : Marc Staal - PK : Shea Theodore, Roman Josi
Penalty Shots
Rickard Rakell, Sean Monahan, Joe Pavelski, Danton Heinen, Jonathan Drouin
% Time on Ice - Colorado Rockies
Lines # - Real PCT - Wanted PCT - Time Play
Normal Forward
1 - 28% - 30% - 13:28
2 - 30% - 30% - 14:26
3 - 27% - 25% - 12:57
4 - 16% - 15% - 7:43
Normal Defense
1 - 42% - 42% - 20:23
2 - 35% - 36% - 16:54
3 - 23% - 22% - 11:17
4 - 0% - 0% - 0:00
PP Forward
1 - 53% - 50% - 3:37
2 - 47% - 50% - 3:14
PP Defense
1 - 56% - 50% - 3:50
2 - 44% - 50% - 3:01
PK Forward
1 - 52% - 50% - 1:49
2 - 48% - 50% - 1:41
PK Defense
1 - 54% - 50% - 1:54
2 - 46% - 50% - 1:36
PK3 Forward
1 - 0% - 50%
2 - 0% - 50%
PK3 Defense
1 - 0% - 50%
2 - 0% - 50%
44 Forward
1 - 42% - 50% - 0:27
2 - 58% - 50% - 0:38
44 Defense
1 - 57% - 50% - 0:37
2 - 43% - 50% - 0:28
Last Minute Offensive - 0:00
Last Minute Defensive - 0:00
Total
Forward - 60:00
Defense - 60:00
|
% Time on Ice - Vegas Golden Knights
Lines # - Real PCT - Wanted PCT - Time Play
Normal Forward
1 - 31% - 30% - 14:58
2 - 29% - 30% - 13:51
3 - 23% - 25% - 11:18
4 - 17% - 15% - 8:27
Normal Defense
1 - 36% - 35% - 17:29
2 - 30% - 30% - 14:26
3 - 28% - 25% - 13:34
4 - 6% - 10% - 3:05
PP Forward
1 - 46% - 50% - 1:37
2 - 54% - 50% - 1:53
PP Defense
1 - 47% - 50% - 1:39
2 - 53% - 50% - 1:51
PK Forward
1 - 50% - 50% - 3:25
2 - 50% - 50% - 3:26
PK Defense
1 - 51% - 50% - 3:30
2 - 49% - 50% - 3:21
PK3 Forward
1 - 0% - 50%
2 - 0% - 50%
PK3 Defense
1 - 0% - 50%
2 - 0% - 50%
44 Forward
1 - 42% - 50% - 0:27
2 - 58% - 50% - 0:38
44 Defense
1 - 62% - 50% - 0:40
2 - 38% - 50% - 0:25
Last Minute Offensive - 0:00
Last Minute Defensive - 0:00
Total
Forward - 60:00
Defense - 60:00
|
Play-by-Play
1st period
0:01 of 1st period - Ryan O'Reilly wins face-off versus Sean Monahan in neutral zone.
0:14 of 1st period - Snap shot by Joe Pavelski.
0:14 of 1st period - Shot Misses the Net.
0:16 of 1st period - Snap shot by Sean Monahan.
0:16 of 1st period - Shot Blocked by Quinn Hughes.
0:26 of 1st period - Shea Theodore is hit by David Pastrnak and loses puck.
0:39 of 1st period - Snap shot by Tim Stutzle.
0:39 of 1st period - Stopped by Alexandar Georgiev with a rebound.
1:14 of 1st period - Backhand shot by Kyle Palmieri.
1:14 of 1st period - Deflect By Nick Bonino.
1:14 of 1st period - Shot Blocked by Marc Staal.
1:14 of 1st period - Puck is out of play.
1:15 of 1st period - Sean Monahan wins face-off versus Nick Bonino in Vegas Golden Knights zone.
1:15 of 1st period - Sean Monahan is hit by Martin Fehervary.
1:50 of 1st period - Wrist shot by Reilly Smith.
1:50 of 1st period - Stopped by Joey Daccord without a rebound.
1:51 of 1st period - Jordan Staal wins face-off versus Tim Stutzle in Colorado Rockies zone.
1:54 of 1st period - Snap shot by Nikolaj Ehlers.
1:54 of 1st period - Stopped by Joey Daccord without a rebound.
1:55 of 1st period - Tim Stutzle wins face-off versus Jordan Staal in Colorado Rockies zone.
2:42 of 1st period - Shea Theodore is hit by Evgeny Kuznetsov and loses puck.
3:26 of 1st period - Off-side.
3:27 of 1st period - Jordan Staal wins face-off versus Tim Stutzle in neutral zone.
3:38 of 1st period - Wrist shot by Nikolaj Ehlers.
3:38 of 1st period - Shot Blocked by Martin Fehervary.
3:40 of 1st period - Wrist shot by Jordan Staal.
3:40 of 1st period - Stopped by Joey Daccord with a rebound.
3:42 of 1st period - Slapshot by Marc-Edouard Vlasic.
3:42 of 1st period - Shot Blocked by Nikita Zadorov.
3:54 of 1st period - Marc-Edouard Vlasic is hit by Martin Fehervary and loses puck.
4:32 of 1st period - Off-side.
4:33 of 1st period - Jonathan Drouin wins face-off versus Kyle Palmieri in neutral zone.
4:39 of 1st period - Icing by Andrew Peeke.
4:40 of 1st period - Jordan Staal wins face-off versus Nick Bonino in Colorado Rockies zone.
4:43 of 1st period - Backhand shot by Nikolaj Ehlers.
4:43 of 1st period - Stopped by Joey Daccord with a rebound.
4:48 of 1st period - Off-side.
4:49 of 1st period - Ryan O'Reilly wins face-off versus Jordan Staal in neutral zone.
5:13 of 1st period - Snap shot by Nikolaj Ehlers.
5:13 of 1st period - Stopped by Joey Daccord with a rebound.
5:15 of 1st period - Slapshot by Marc-Edouard Vlasic.
5:15 of 1st period - Shot Blocked by Tim Stutzle.
5:17 of 1st period - Wrist shot by Marc-Edouard Vlasic.
5:17 of 1st period - Stopped by Joey Daccord without a rebound.
5:18 of 1st period - Tim Stutzle wins face-off versus Sean Monahan in Colorado Rockies zone.
5:27 of 1st period - Off-side.
5:28 of 1st period - Sean Monahan wins face-off versus Evgeny Kuznetsov in neutral zone.
5:30 of 1st period - Off-side.
5:31 of 1st period - Evgeny Kuznetsov wins face-off versus Eric Staal in neutral zone.
5:44 of 1st period - Wrist shot by Nick Schmaltz.
5:44 of 1st period - Shot Blocked by Reilly Smith.
6:18 of 1st period - Off-side.
6:19 of 1st period - Jonathan Drouin wins face-off versus Tim Stutzle in neutral zone.
6:30 of 1st period - Wrist shot by Alex Chiasson.
6:30 of 1st period - Shot Misses the Net.
6:35 of 1st period - Minor Penalty to Tim Stutzle for Hooking.
6:36 of 1st period - Ryan O'Reilly wins face-off versus Joe Pavelski in Colorado Rockies zone.
7:12 of 1st period - Slapshot by Nikolaj Ehlers.
7:12 of 1st period - Goal by Nikolaj Ehlers - Colorado Rockies : 0 - Vegas Golden Knights : 1.
7:13 of 1st period - Ryan O'Reilly wins face-off versus Sean Monahan in neutral zone.
7:38 of 1st period - Travis Hamonic is hit by David Pastrnak and loses puck.
7:47 of 1st period - Snap shot by Nikolaj Ehlers.
7:47 of 1st period - Shot Blocked by David Pastrnak.
8:08 of 1st period - Slapshot by Nick Schmaltz.
8:08 of 1st period - Shot Misses the Net.
8:41 of 1st period - Slapshot by Nikita Kucherov.
8:41 of 1st period - Shot Blocked by Danton Heinen.
8:43 of 1st period - Snap shot by Ryan O'Reilly.
8:43 of 1st period - Shot Misses the Net.
8:45 of 1st period - Snap shot by Nikita Kucherov.
8:45 of 1st period - Deflect By Ryan O'Reilly.
8:45 of 1st period - Stopped by Alexandar Georgiev with a rebound.
8:47 of 1st period - Slapshot by Andrew Peeke.
8:47 of 1st period - Stopped by Alexandar Georgiev without a rebound.
8:48 of 1st period - Jordan Staal wins face-off versus Tim Stutzle in Vegas Golden Knights zone.
9:23 of 1st period - Wrist shot by Evgeny Kuznetsov.
9:23 of 1st period - Goal by Evgeny Kuznetsov - Colorado Rockies : 1 - Vegas Golden Knights : 1.
9:24 of 1st period - Eric Staal wins face-off versus Ryan O'Reilly in neutral zone.
9:29 of 1st period - Wrist shot by Reilly Smith.
9:29 of 1st period - Shot Misses the Net.
9:51 of 1st period - Quinn Hughes is hit by Sean Monahan.
10:06 of 1st period - Icing by Sean Monahan.
10:07 of 1st period - Sean Monahan wins face-off versus Evgeny Kuznetsov in Vegas Golden Knights zone.
10:45 of 1st period - Off-side.
10:46 of 1st period - Eric Staal wins face-off versus Tim Stutzle in neutral zone.
10:59 of 1st period - Roman Josi is hit by Victor Hedman and loses puck.
11:23 of 1st period - Snap shot by Nikita Kucherov.
11:23 of 1st period - Stopped by Alexandar Georgiev without a rebound.
11:24 of 1st period - Eric Staal wins face-off versus Nick Schmaltz in Vegas Golden Knights zone.
11:35 of 1st period - Wrist shot by Tyler Bertuzzi.
11:35 of 1st period - Shot Blocked by Martin Fehervary.
12:03 of 1st period - John Marino is hit by Tim Stutzle.
12:24 of 1st period - Slapshot by Kyle Connor.
12:24 of 1st period - Shot Misses the Net.
12:42 of 1st period - Wrist shot by Sean Monahan.
12:42 of 1st period - Stopped by Joey Daccord with a rebound.
12:44 of 1st period - Wrist shot by Sean Monahan.
12:44 of 1st period - Shot Blocked by Vince Dunn.
13:04 of 1st period - Snap shot by Kyle Palmieri.
13:04 of 1st period - Shot Misses the Net.
13:06 of 1st period - Slapshot by Andrew Peeke.
13:06 of 1st period - Shot Misses the Net.
13:08 of 1st period - Slapshot by Andrew Peeke.
13:08 of 1st period - Shot Blocked by Eric Staal.
13:10 of 1st period - Slapshot by Vince Dunn.
13:10 of 1st period - Stopped by Alexandar Georgiev without a rebound.
13:11 of 1st period - Jordan Staal wins face-off versus Evgeny Kuznetsov in Vegas Golden Knights zone.
13:26 of 1st period - Snap shot by Rickard Rakell.
13:26 of 1st period - Shot Misses the Net.
13:38 of 1st period - Victor Hedman is hit by Joe Pavelski and loses puck.
14:03 of 1st period - Wrist shot by Tyler Bertuzzi.
14:03 of 1st period - Stopped by Joey Daccord without a rebound.
14:04 of 1st period - Nikita Kucherov wins face-off versus Eric Staal in Colorado Rockies zone.
14:11 of 1st period - Reilly Smith is hit by Quinn Hughes and loses puck.
14:35 of 1st period - David Pastrnak is hit by Jordan Staal.
14:59 of 1st period - Travis Hamonic is hit by Andrew Peeke and loses puck.
15:22 of 1st period - Wrist shot by Michael Bunting.
15:22 of 1st period - Stopped by Alexandar Georgiev without a rebound.
15:23 of 1st period - Ryan O'Reilly wins face-off versus Jordan Staal in Vegas Golden Knights zone.
15:36 of 1st period - Wrist shot by Nikolaj Ehlers.
15:36 of 1st period - Stopped by Joey Daccord with a rebound.
15:38 of 1st period - Slapshot by John Marino.
15:38 of 1st period - Shot Misses the Net.
15:50 of 1st period - Danton Heinen is hit by Victor Hedman.
16:18 of 1st period - Nikita Zadorov is hit by Sean Monahan and loses puck.
16:57 of 1st period - Slapshot by Nikolaj Ehlers.
16:57 of 1st period - Shot Misses the Net.
16:59 of 1st period - Slapshot by Jordan Staal.
16:59 of 1st period - Shot Misses the Net.
17:01 of 1st period - Slapshot by Shea Theodore.
17:01 of 1st period - Stopped by Joey Daccord with a rebound.
17:03 of 1st period - Snap shot by Jordan Staal.
17:03 of 1st period - Shot Misses the Net.
17:36 of 1st period - Off-side.
17:37 of 1st period - Jonathan Drouin wins face-off versus Nick Bonino in neutral zone.
17:42 of 1st period - Wrist shot by Kyle Palmieri.
17:42 of 1st period - Stopped by Alexandar Georgiev with a rebound.
17:58 of 1st period - Minor Penalty to Travis Hamonic for High sticking.
17:59 of 1st period - Tim Stutzle wins face-off versus Eric Staal in Vegas Golden Knights zone.
19:58 of 1st period - Penalty to Travis Hamonic is over, Travis Hamonic is back on ice.
Goals for this period are 1 for Colorado Rockies vs 1 for Vegas Golden Knights.
Shots for this period are 8 for Colorado Rockies vs 11 for Vegas Golden Knights.
2nd period
0:01 of 2nd period - Ryan O'Reilly wins face-off versus Jordan Staal in neutral zone.
0:27 of 2nd period - Tyler Bertuzzi is hit by Tim Stutzle and loses puck.
1:27 of 2nd period - Marc Staal is hit by Andrew Peeke and loses puck.
1:50 of 2nd period - Snap shot by Kyle Connor.
1:50 of 2nd period - Shot Misses the Net.
3:26 of 2nd period - Snap shot by David Pastrnak.
3:26 of 2nd period - Stopped by Alexandar Georgiev with a rebound.
3:36 of 2nd period - Snap shot by Danton Heinen.
3:36 of 2nd period - Stopped by Joey Daccord without a rebound.
3:37 of 2nd period - Ryan O'Reilly wins face-off versus Jordan Staal in Colorado Rockies zone.
3:52 of 2nd period - Wrist shot by Nikita Kucherov.
3:52 of 2nd period - Shot Blocked by Rickard Rakell.
4:06 of 2nd period - Wrist shot by Nikita Kucherov.
4:06 of 2nd period - Shot Misses the Net.
4:08 of 2nd period - Wrist shot by Kevin Hayes.
4:08 of 2nd period - Stopped by Alexandar Georgiev without a rebound.
4:09 of 2nd period - Reilly Smith wins face-off versus Evgeny Kuznetsov in Vegas Golden Knights zone.
4:09 of 2nd period - Reilly Smith is hit by Andrew Peeke.
4:31 of 2nd period - Snap shot by Reilly Smith.
4:31 of 2nd period - Shot Misses the Net.
4:58 of 2nd period - Wrist shot by Tyler Bertuzzi.
4:58 of 2nd period - Deflect By Eric Staal.
4:58 of 2nd period - Shot Blocked by Evgeny Kuznetsov.
4:58 of 2nd period - Puck is out of play.
4:59 of 2nd period - Ryan O'Reilly wins face-off versus Jordan Staal in Colorado Rockies zone.
5:52 of 2nd period - Nikita Kucherov is hit by Sean Monahan and loses puck.
6:05 of 2nd period - Wrist shot by Rickard Rakell.
6:05 of 2nd period - Shot Misses the Net.
6:07 of 2nd period - Wrist shot by Rickard Rakell.
6:07 of 2nd period - Stopped by Joey Daccord with a rebound.
6:09 of 2nd period - Snap shot by Shea Theodore.
6:09 of 2nd period - Stopped by Joey Daccord without a rebound.
6:10 of 2nd period - Jordan Staal wins face-off versus Tim Stutzle in Colorado Rockies zone.
6:13 of 2nd period - Snap shot by Rickard Rakell.
6:13 of 2nd period - Deflect By Jesper Bratt.
6:13 of 2nd period - Stopped by Joey Daccord with a rebound.
6:19 of 2nd period - Snap shot by Tim Stutzle.
6:19 of 2nd period - Shot Misses the Net.
6:21 of 2nd period - Snap shot by David Pastrnak.
6:21 of 2nd period - Stopped by Alexandar Georgiev with a rebound.
6:23 of 2nd period - Wrist shot by Tim Stutzle.
6:23 of 2nd period - Stopped by Alexandar Georgiev without a rebound.
6:24 of 2nd period - Tim Stutzle wins face-off versus Eric Staal in Vegas Golden Knights zone.
6:25 of 2nd period - Snap shot by David Pastrnak.
6:25 of 2nd period - Stopped by Alexandar Georgiev without a rebound.
6:26 of 2nd period - Eric Staal wins face-off versus Tim Stutzle in Vegas Golden Knights zone.
6:28 of 2nd period - Icing by Roman Josi.
6:29 of 2nd period - Tim Stutzle wins face-off versus Reilly Smith in Vegas Golden Knights zone.
7:11 of 2nd period - Jordan Staal is hit by Ryan O'Reilly and loses puck.
7:31 of 2nd period - Slapshot by Quinn Hughes.
7:31 of 2nd period - Stopped by Alexandar Georgiev with a rebound.
7:33 of 2nd period - Slapshot by Victor Hedman.
7:33 of 2nd period - Stopped by Alexandar Georgiev without a rebound.
7:34 of 2nd period - Sean Monahan wins face-off versus Jesper Bratt in Vegas Golden Knights zone.
7:34 of 2nd period - Sean Monahan is hit by Quinn Hughes.
7:56 of 2nd period - Danton Heinen is hit by Jesper Bratt and loses puck.
8:32 of 2nd period - Wrist shot by Joe Pavelski.
8:32 of 2nd period - Goal by Joe Pavelski - Colorado Rockies : 1 - Vegas Golden Knights : 2.
8:33 of 2nd period - Jordan Staal wins face-off versus Nikita Kucherov in neutral zone.
8:36 of 2nd period - Wrist shot by Roman Josi.
8:36 of 2nd period - Shot Misses the Net.
8:38 of 2nd period - Slapshot by Roman Josi.
8:38 of 2nd period - Shot Misses the Net.
8:40 of 2nd period - Snap shot by Nikolaj Ehlers.
8:40 of 2nd period - Shot Misses the Net.
8:42 of 2nd period - Backhand shot by Roman Josi.
8:42 of 2nd period - Deflect By Rickard Rakell.
8:42 of 2nd period - Stopped by Joey Daccord with a rebound.
8:44 of 2nd period - Snap shot by Jordan Staal.
8:44 of 2nd period - Stopped by Joey Daccord without a rebound.
8:45 of 2nd period - Jordan Staal wins face-off versus Evgeny Kuznetsov in Colorado Rockies zone.
8:49 of 2nd period - Minor Penalty to Victor Hedman for Hooking.
8:50 of 2nd period - Ryan O'Reilly wins face-off versus Jonathan Drouin in Colorado Rockies zone.
9:03 of 2nd period - Off-side.
9:04 of 2nd period - Ryan O'Reilly wins face-off versus Joe Pavelski in neutral zone.
9:47 of 2nd period - Off-side.
9:48 of 2nd period - Joe Pavelski wins face-off versus Nick Bonino in neutral zone.
9:51 of 2nd period - Slapshot by Shea Theodore.
9:51 of 2nd period - Stopped by Joey Daccord with a rebound.
10:13 of 2nd period - Nick Schmaltz is hit by Nikolaj Ehlers and loses puck.
10:49 of 2nd period - Penalty to Victor Hedman is over, Victor Hedman is back on ice.
11:51 of 2nd period - Icing by Eric Staal.
11:52 of 2nd period - Nick Bonino wins face-off versus Reilly Smith in Vegas Golden Knights zone.
11:55 of 2nd period - Snap shot by Kyle Palmieri.
11:55 of 2nd period - Shot Misses the Net.
12:15 of 2nd period - Shea Theodore is hit by Quinn Hughes and loses puck.
12:22 of 2nd period - Slapshot by Nikita Kucherov.
12:22 of 2nd period - Shot Misses the Net.
12:24 of 2nd period - Slapshot by Vince Dunn.
12:24 of 2nd period - Stopped by Alexandar Georgiev with a rebound.
12:26 of 2nd period - Snap shot by Kyle Connor.
12:26 of 2nd period - Shot Misses the Net.
12:36 of 2nd period - Evgeny Kuznetsov is hit by Danton Heinen and loses puck.
12:47 of 2nd period - Slapshot by Joe Pavelski.
12:47 of 2nd period - Deflect By Sean Monahan.
12:47 of 2nd period - Shot Blocked by Nick Schmaltz.
12:47 of 2nd period - Puck is out of play.
12:48 of 2nd period - Ryan O'Reilly wins face-off versus Tyler Bertuzzi in Colorado Rockies zone.
12:53 of 2nd period - Slapshot by Reilly Smith.
12:53 of 2nd period - Goal by Reilly Smith - Colorado Rockies : 1 - Vegas Golden Knights : 3.
12:54 of 2nd period - Ryan O'Reilly wins face-off versus Jordan Staal in neutral zone.
12:57 of 2nd period - Wrist shot by Quinn Hughes.
12:57 of 2nd period - Stopped by Alexandar Georgiev without a rebound.
12:58 of 2nd period - Jordan Staal wins face-off versus Ryan O'Reilly in Vegas Golden Knights zone.
13:10 of 2nd period - Icing by Quinn Hughes.
13:11 of 2nd period - Ryan O'Reilly wins face-off versus Jordan Staal in Colorado Rockies zone.
13:40 of 2nd period - Eric Staal is hit by Nick Schmaltz and loses puck.
13:47 of 2nd period - Wrist shot by Evgeny Kuznetsov.
13:47 of 2nd period - Stopped by Alexandar Georgiev with a rebound.
13:49 of 2nd period - Slapshot by Quinn Hughes.
13:49 of 2nd period - Shot Blocked by Roman Josi.
14:21 of 2nd period - Slapshot by Shea Theodore.
14:21 of 2nd period - Shot Hit the Post.
14:23 of 2nd period - Slapshot by Roman Josi.
14:23 of 2nd period - Shot Blocked by Martin Fehervary.
14:25 of 2nd period - Slapshot by Shea Theodore.
14:25 of 2nd period - Shot Misses the Net.
14:27 of 2nd period - Slapshot by Roman Josi.
14:27 of 2nd period - Stopped by Joey Daccord without a rebound.
14:28 of 2nd period - Jordan Staal wins face-off versus Evgeny Kuznetsov in Colorado Rockies zone.
14:35 of 2nd period - Slapshot by Rickard Rakell.
14:35 of 2nd period - Goal by Rickard Rakell - Colorado Rockies : 1 - Vegas Golden Knights : 4.
14:36 of 2nd period - Tim Stutzle wins face-off versus Jordan Staal in neutral zone.
14:47 of 2nd period - Wrist shot by Rickard Rakell.
14:47 of 2nd period - Deflect By Quinn Hughes.
14:47 of 2nd period - Shot Misses the Net.
14:47 of 2nd period - Puck is out of play.
14:48 of 2nd period - Jordan Staal wins face-off versus Nikita Kucherov in Colorado Rockies zone.
14:49 of 2nd period - Slapshot by Nikolaj Ehlers.
14:49 of 2nd period - Stopped by Joey Daccord without a rebound.
14:50 of 2nd period - Jordan Staal wins face-off versus Ryan O'Reilly in Colorado Rockies zone.
15:14 of 2nd period - Icing by Shea Theodore.
15:15 of 2nd period - Evgeny Kuznetsov wins face-off versus Reilly Smith in Vegas Golden Knights zone.
15:24 of 2nd period - Wrist shot by Tim Stutzle.
15:24 of 2nd period - Stopped by Alexandar Georgiev without a rebound.
15:25 of 2nd period - Tim Stutzle wins face-off versus Jordan Staal in Vegas Golden Knights zone.
15:28 of 2nd period - Snap shot by Tim Stutzle.
15:28 of 2nd period - Shot Blocked by Roman Josi.
15:30 of 2nd period - Slapshot by David Pastrnak.
15:30 of 2nd period - Stopped by Alexandar Georgiev without a rebound.
15:31 of 2nd period - Evgeny Kuznetsov wins face-off versus Jordan Staal in Vegas Golden Knights zone.
15:42 of 2nd period - Snap shot by Nick Schmaltz.
15:42 of 2nd period - Stopped by Alexandar Georgiev without a rebound.
15:43 of 2nd period - Sean Monahan wins face-off versus Tim Stutzle in Vegas Golden Knights zone.
15:48 of 2nd period - Slapshot by Sean Monahan.
15:48 of 2nd period - Shot Misses the Net.
15:50 of 2nd period - Snap shot by Joe Pavelski.
15:50 of 2nd period - Stopped by Joey Daccord with a rebound.
16:37 of 2nd period - Snap shot by Rickard Rakell.
16:37 of 2nd period - Shot Blocked by Nick Schmaltz.
16:50 of 2nd period - Minor Penalty to Maxime Comtois for Slashing.
16:51 of 2nd period - Eric Staal wins face-off versus Tim Stutzle in Vegas Golden Knights zone.
17:05 of 2nd period - Snap shot by Quinn Hughes.
17:05 of 2nd period - Deflect By Tim Stutzle.
17:05 of 2nd period - Stopped by Alexandar Georgiev with a rebound.
18:50 of 2nd period - Penalty to Maxime Comtois is over, Maxime Comtois is back on ice.
18:50 of 2nd period - Travis Hamonic is hit by Vince Dunn and loses puck.
18:59 of 2nd period - Wrist shot by Reilly Smith.
18:59 of 2nd period - Shot Blocked by Kevin Hayes.
19:01 of 2nd period - Snap shot by Reilly Smith.
19:01 of 2nd period - Shot Misses the Net.
19:03 of 2nd period - Slapshot by Travis Hamonic.
19:03 of 2nd period - Stopped by Joey Daccord with a rebound.
19:05 of 2nd period - Wrist shot by Reilly Smith.
19:05 of 2nd period - Stopped by Joey Daccord with a rebound.
19:07 of 2nd period - Snap shot by Jordan Staal.
19:07 of 2nd period - Stopped by Joey Daccord with a rebound.
19:11 of 2nd period - Wrist shot by Maxime Comtois.
19:11 of 2nd period - Stopped by Joey Daccord with a rebound.
19:13 of 2nd period - Slapshot by Travis Hamonic.
19:13 of 2nd period - Stopped by Joey Daccord without a rebound.
19:14 of 2nd period - Jonathan Drouin wins face-off versus Kyle Palmieri in Colorado Rockies zone.
Goals for this period are 0 for Colorado Rockies vs 3 for Vegas Golden Knights.
Shots for this period are 14 for Colorado Rockies vs 18 for Vegas Golden Knights.
3rd period
0:01 of 3rd period - Sean Monahan wins face-off versus Tim Stutzle in neutral zone.
0:04 of 3rd period - Wrist shot by Joe Pavelski.
0:04 of 3rd period - Stopped by Joey Daccord with a rebound.
0:10 of 3rd period - Danton Heinen is hit by Quinn Hughes and loses puck.
0:15 of 3rd period - Wrist shot by David Pastrnak.
0:15 of 3rd period - Shot Misses the Net.
0:17 of 3rd period - Snap shot by Tim Stutzle.
0:17 of 3rd period - Stopped by Alexandar Georgiev with a rebound.
0:29 of 3rd period - Icing by Victor Hedman.
0:30 of 3rd period - Jordan Staal wins face-off versus Kyle Connor in Colorado Rockies zone.
0:35 of 3rd period - Wrist shot by Rickard Rakell.
0:35 of 3rd period - Shot Blocked by Nikita Zadorov.
0:37 of 3rd period - Snap shot by Roman Josi.
0:37 of 3rd period - Stopped by Joey Daccord without a rebound.
0:38 of 3rd period - Tim Stutzle wins face-off versus Danton Heinen in Colorado Rockies zone.
0:47 of 3rd period - Snap shot by Jesper Bratt.
0:47 of 3rd period - Deflect By Tim Stutzle.
0:47 of 3rd period - Shot Blocked by Shea Theodore.
0:47 of 3rd period - Puck is out of play.
0:48 of 3rd period - David Pastrnak wins face-off versus Sean Monahan in Vegas Golden Knights zone.
1:30 of 3rd period - Slapshot by Joe Pavelski.
1:30 of 3rd period - Stopped by Joey Daccord without a rebound.
1:31 of 3rd period - Eric Staal wins face-off versus Ryan O'Reilly in Colorado Rockies zone.
1:37 of 3rd period - Minor Penalty to Nikita Kucherov for High sticking.
1:38 of 3rd period - Ryan O'Reilly wins face-off versus Jonathan Drouin in Colorado Rockies zone.
2:31 of 3rd period - Minor Penalty to Roman Josi for Slashing.
2:32 of 3rd period - Tim Stutzle wins face-off versus Joe Pavelski in Vegas Golden Knights zone.
2:47 of 3rd period - Wrist shot by Joe Pavelski.
2:47 of 3rd period - Stopped by Joey Daccord with a rebound.
3:02 of 3rd period - Wrist shot by Shea Theodore.
3:02 of 3rd period - Stopped by Joey Daccord with a rebound.
3:08 of 3rd period - Snap shot by David Pastrnak.
3:08 of 3rd period - Goal by David Pastrnak - Colorado Rockies : 2 - Vegas Golden Knights : 4.
3:09 of 3rd period - Jonathan Drouin wins face-off versus Ryan O'Reilly in neutral zone.
3:12 of 3rd period - Slapshot by Shea Theodore.
3:12 of 3rd period - Shot Misses the Net.
3:37 of 3rd period - Penalty to Nikita Kucherov is over, Nikita Kucherov is back on ice.
3:37 of 3rd period - Snap shot by Tim Stutzle.
3:37 of 3rd period - Stopped by Alexandar Georgiev with a rebound.
3:39 of 3rd period - Slapshot by Andrew Peeke.
3:39 of 3rd period - Stopped by Alexandar Georgiev without a rebound.
3:40 of 3rd period - Tim Stutzle wins face-off versus Eric Staal in Vegas Golden Knights zone.
4:31 of 3rd period - Penalty to Roman Josi is over, Roman Josi is back on ice.
4:45 of 3rd period - Wrist shot by Alex Chiasson.
4:45 of 3rd period - Stopped by Joey Daccord without a rebound.
4:46 of 3rd period - Evgeny Kuznetsov wins face-off versus Jonathan Drouin in Colorado Rockies zone.
4:53 of 3rd period - Wrist shot by Evgeny Kuznetsov.
4:53 of 3rd period - Stopped by Alexandar Georgiev without a rebound.
4:54 of 3rd period - Jordan Staal wins face-off versus Ryan O'Reilly in Vegas Golden Knights zone.
5:03 of 3rd period - Wrist shot by Nikita Kucherov.
5:03 of 3rd period - Stopped by Alexandar Georgiev with a rebound.
6:03 of 3rd period - Backhand shot by David Pastrnak.
6:03 of 3rd period - Stopped by Alexandar Georgiev with a rebound.
6:05 of 3rd period - Slapshot by Nikita Zadorov.
6:05 of 3rd period - Shot Misses the Net.
6:07 of 3rd period - Snap shot by Jesper Bratt.
6:07 of 3rd period - Stopped by Alexandar Georgiev with a rebound.
6:09 of 3rd period - Snap shot by Tim Stutzle.
6:09 of 3rd period - Stopped by Alexandar Georgiev with a rebound.
6:11 of 3rd period - Snap shot by David Pastrnak.
6:11 of 3rd period - Shot Misses the Net.
6:13 of 3rd period - Slapshot by Martin Fehervary.
6:13 of 3rd period - Shot Blocked by Alex Chiasson.
6:15 of 3rd period - Snap shot by David Pastrnak.
6:15 of 3rd period - Shot Blocked by Marc Staal.
6:17 of 3rd period - Slapshot by Nikita Zadorov.
6:17 of 3rd period - Shot Blocked by John Marino.
6:19 of 3rd period - Snap shot by Jesper Bratt.
6:19 of 3rd period - Shot Misses the Net.
6:21 of 3rd period - Slapshot by Martin Fehervary.
6:21 of 3rd period - Stopped by Alexandar Georgiev with a rebound.
6:23 of 3rd period - Wrist shot by David Pastrnak.
6:23 of 3rd period - Shot Hit the Post.
6:25 of 3rd period - Slapshot by Martin Fehervary.
6:25 of 3rd period - Deflect By Jonathan Drouin.
6:25 of 3rd period - Stopped by Alexandar Georgiev with a rebound.
6:31 of 3rd period - Slapshot by David Pastrnak.
6:31 of 3rd period - Deflect By Maxime Comtois.
6:31 of 3rd period - Shot Misses the Net.
6:31 of 3rd period - Puck is out of play.
6:32 of 3rd period - Ryan O'Reilly wins face-off versus Jordan Staal in Vegas Golden Knights zone.
6:55 of 3rd period - Minor Penalty to Travis Hamonic for Roughing.
6:56 of 3rd period - Eric Staal wins face-off versus Tim Stutzle in Vegas Golden Knights zone.
7:07 of 3rd period - John Marino is hit by Vince Dunn and loses puck.
8:00 of 3rd period - Victor Hedman is hit by Eric Staal.
8:55 of 3rd period - Penalty to Travis Hamonic is over, Travis Hamonic is back on ice.
9:17 of 3rd period - Michael Bunting is hit by Reilly Smith and loses puck.
10:13 of 3rd period - Icing by Michael Bunting.
10:14 of 3rd period - Ryan O'Reilly wins face-off versus Jordan Staal in Colorado Rockies zone.
10:14 of 3rd period - Ryan O'Reilly is hit by Marc-Edouard Vlasic.
10:58 of 3rd period - Joe Pavelski is hit by Quinn Hughes and loses puck.
12:08 of 3rd period - Snap shot by Sean Monahan.
12:08 of 3rd period - Stopped by Joey Daccord with a rebound.
12:47 of 3rd period - Marc Staal is hit by Michael Bunting and loses puck.
13:03 of 3rd period - Alex Chiasson is hit by Nikita Kucherov and loses puck.
13:27 of 3rd period - Andrew Peeke is hit by Jonathan Drouin and loses puck.
13:36 of 3rd period - Slapshot by Jonathan Drouin.
13:36 of 3rd period - Stopped by Joey Daccord without a rebound.
13:37 of 3rd period - Evgeny Kuznetsov wins face-off versus Sean Monahan in Colorado Rockies zone.
13:42 of 3rd period - Slapshot by Quinn Hughes.
13:42 of 3rd period - Stopped by Alexandar Georgiev without a rebound.
13:43 of 3rd period - Evgeny Kuznetsov wins face-off versus Sean Monahan in Vegas Golden Knights zone.
13:44 of 3rd period - Slapshot by Nick Schmaltz.
13:44 of 3rd period - Stopped by Alexandar Georgiev without a rebound.
13:45 of 3rd period - Sean Monahan wins face-off versus Evgeny Kuznetsov in Vegas Golden Knights zone.
13:45 of 3rd period - Sean Monahan is hit by Evgeny Kuznetsov.
14:13 of 3rd period - Snap shot by Nick Schmaltz.
14:13 of 3rd period - Shot Misses the Net.
14:15 of 3rd period - Wrist shot by Kevin Hayes.
14:15 of 3rd period - Shot Misses the Net.
15:37 of 3rd period - Wrist shot by Evgeny Kuznetsov.
15:37 of 3rd period - Stopped by Alexandar Georgiev without a rebound.
15:38 of 3rd period - Nick Bonino wins face-off versus Eric Staal in Vegas Golden Knights zone.
15:51 of 3rd period - Slapshot by Michael Bunting.
15:51 of 3rd period - Stopped by Alexandar Georgiev with a rebound.
15:53 of 3rd period - Snap shot by Kyle Palmieri.
15:53 of 3rd period - Deflect By Reilly Smith.
15:53 of 3rd period - Shot Blocked by Reilly Smith.
15:53 of 3rd period - Puck is out of play.
15:54 of 3rd period - Ryan O'Reilly wins face-off versus Jonathan Drouin in Vegas Golden Knights zone.
16:19 of 3rd period - Shea Theodore is hit by Kyle Palmieri and loses puck.
16:42 of 3rd period - Snap shot by Rickard Rakell.
16:42 of 3rd period - Shot Misses the Net.
16:44 of 3rd period - Slapshot by Shea Theodore.
16:44 of 3rd period - Deflect By Jordan Staal.
16:44 of 3rd period - Stopped by Joey Daccord with a rebound.
16:46 of 3rd period - Snap shot by Nikolaj Ehlers.
16:46 of 3rd period - Deflect By David Pastrnak.
16:46 of 3rd period - Shot Misses the Net.
16:46 of 3rd period - Puck is out of play.
16:47 of 3rd period - Ryan O'Reilly wins face-off versus Jordan Staal in Colorado Rockies zone.
17:34 of 3rd period - Jonathan Drouin is hit by Tim Stutzle.
17:43 of 3rd period - Slapshot by Marc-Edouard Vlasic.
17:43 of 3rd period - Shot Misses the Net.
17:45 of 3rd period - Snap shot by Alex Chiasson.
17:45 of 3rd period - Stopped by Joey Daccord with a rebound.
17:59 of 3rd period - Ryan O'Reilly is hit by Travis Hamonic and loses puck.
18:16 of 3rd period - Victor Hedman is hit by Sean Monahan.
18:30 of 3rd period - Wrist shot by Roman Josi.
18:30 of 3rd period - Stopped by Joey Daccord with a rebound.
19:21 of 3rd period - Icing by Quinn Hughes.
19:22 of 3rd period - Sean Monahan wins face-off versus Tim Stutzle in Colorado Rockies zone.
Goals for this period are 1 for Colorado Rockies vs 0 for Vegas Golden Knights.
Shots for this period are 15 for Colorado Rockies vs 11 for Vegas Golden Knights.
Back to the Top